 Dungeon Crawl Stone Soup version 0.31-a0-460-g9e667d4245 (webtiles) character file.

Game seed: 18394957644650691019

1597245 KimchiStew the Acrobat (level 27, 163/163 HPs)
             Began as a Kobold Summoner on Aug 3, 2023.
             Was the Champion of Wu Jian.
             Escaped with the Orb
             ... and 3 runes on Aug 4, 2023!
             The game lasted 03:21:10 (72165 turns).

KimchiStew the Acrobat (Kobold Summoner)           Turns: 72165, Time: 03:21:10

Health: 163/163    AC: 15    Str: 10      XL:     27
Magic:  46/48      EV: 36    Int: 24 (27) God:    Wu Jian [******]
Gold:   41         SH:  5    Dex: 27      Spells: 1/58 levels left

rFire   . . .        j - +5 rapier of Zuqopote {elec, Will+ Str+4 Int+4}
rCold   . . .        (no shield)
rNeg    . . .        O - +4 moon troll leather armour {Spirit, Regen++ MP+5}
rPois   +            K - +2 hood of the Assassin {Detect Stab+ Stlth++}
rElec   +            w - +0 cloak
rCorr   +            Z - +0 pair of fencer's gloves {Riposte Dex+3}
SInv    +            c - +2 pair of boots of the Morning Star {Will+ Int+2 Slay+3 SInv}
Will    ++++.        J - amulet of reflection
Stlth   ++++++       P - ring of Shadows {Umbra +Inv Stlth+}
HPRegen 2.07/turn    Q - ring "Kyjammaj" {+Blink rElec rPois rCorr Stlth-}
MPRegen 0.31/turn

%: reflection, guardian spirit
@: wreathed by umbra
A: small, no large weapons, nightstalker 3, poison resistance
0: Orb of Zot
}: 3/15 runes: serpentine, barnacled, silver
a: Renounce Religion, Evoke Blink, Evoke Invisibility, Wall Jump, Serpent's
Lash, Heavenly Storm


You escaped.
You worshipped Wu Jian.
Wu Jian was exalted by your worship.
You visited 10 branches of the dungeon, and saw 48 of its levels.
You visited 1 bazaar.
You also visited: Trove, Gauntlet, Ice Cave and Wizlab.

You collected 7381 gold pieces.
You spent 7340 gold pieces at shops.

Inventory:

Hand Weapons
 a - a +4 vampiric quick blade
 j - the +5 rapier of Zuqopote (weapon) {elec, Will+ Str+4 Int+4}
   (You bought it in a shop on level 2 of the Vaults)

   Str:       It affects your strength (+4).
   Int:       It affects your intelligence (+4).
   Will:      It increases your willpower.
Missiles
 D - 6 throwing nets
 E - a curare-tipped dart
Armour
 c - the +2 pair of boots of the Morning Star (worn) {Will+ Int+2 Slay+3 SInv}
   (You found it on level 3 of the Elven Halls)

   Int:       It affects your intelligence (+2).
   Slay:      It affects your accuracy & damage with ranged weapons and melee
   (+3).
   SInv:      It lets you see invisible.
   Will:      It increases your willpower.
 w - a +0 cloak (worn)
 K - the +2 hood of the Assassin (worn) {Detect Stab+ Stlth++}
   (You found it on level 5 of the Vaults)

   Detect:    It allows the wearer to sense nearby creatures.
   Stab+:     It allows the wearer to make particularly effective stabbing
   attacks against helpless or unaware enemies with any weapon.
   Stlth:     It makes you much more stealthy.
 M - a +3 kite shield of poison resistance
 O - the +4 moon troll leather armour (worn) {Spirit, Regen++ MP+5}
   (You took it off a moon troll in a wizard's laboratory)

   MP:        It affects your magic capacity (+5).
   Regen:     It increases your rate of health regeneration.
 Z - the +0 pair of fencer's gloves (worn) {Riposte Dex+3}
   (You found it on level 4 of the Depths)

   Riposte:   It allows the wearer to riposte with melee weapons, swiftly
   retaliating against missed or blocked melee attacks.
   Dex:       It affects your dexterity (+3).
Jewellery
 d - a ring of willpower
 l - a ring of protection from cold
 u - the ring of Ekeom {rN+++ Will+ Dex-4}
   (You found it on level 2 of the Realm of Zot)

   [ring of willpower]

   Dex:       It affects your dexterity (-4).
   rN:        It renders you almost immune to negative energy.
   Will:      It increases your willpower.
 J - an amulet of reflection (around neck)
 P - the ring of Shadows (left hand) {Umbra +Inv Stlth+}
   (You bought it in a shop on level 2 of the Orcish Mines)

   [ring of stealth]

   Umbra:     It surrounds you with an aura of shadow, increasing your stealth
   and reducing the accuracy of all others within it.
   +Inv:      It lets you turn invisible.
   Stlth:     It makes you more stealthy.
 Q - the ring "Kyjammaj" (right hand) {+Blink rElec rPois rCorr Stlth-}
   (You bought it in a shop on level 4 of the Depths)

   [ring of resist corrosion]

   rElec:     It insulates you from electricity.
   rPois:     It protects you from poison.
   +Blink:    It lets you blink.
   rCorr:     It protects you from acid and corrosion.
   Stlth:     It makes you less stealthy.
 U - the ring "Ygatzy" {rElec rF+++ EV+5 Str+3 Slay-2}
   (You bought it in a shop on level 3 of the Dungeon)

   [ring of evasion]

   EV:        It affects your evasion (+5).
   Str:       It affects your strength (+3).
   Slay:      It affects your accuracy & damage with ranged weapons and melee
   (-2).
   rF:        It renders you almost immune to fire.
   rElec:     It insulates you from electricity.
Wands
 m - a wand of digging (4)
 q - a wand of paralysis (45)
 t - a wand of flame (93) (quivered)
 v - a wand of acid (5)
 A - a wand of polymorph (41)
 F - a wand of mindburst (51)
 T - a wand of iceblast (18)
Scrolls
 i - 4 scrolls of amnesia
 r - 4 scrolls of torment
 x - 11 scrolls of teleportation
 z - 8 scrolls of vulnerability
 I - 6 scrolls of blinking
 L - 8 scrolls of immolation
 R - 4 scrolls of fear
 Y - 7 scrolls of fog
Potions
 b - 5 potions of magic
 e - a potion of invisibility
 g - 5 potions of might
 h - 8 potions of lignification
 n - 5 potions of ambrosia
 o - 5 potions of cancellation
 p - 16 potions of curing
 s - 2 potions of haste
 y - a potion of heal wounds
 B - 3 potions of berserk rage
 C - 6 potions of attraction
 H - 5 potions of resistance
 V - 6 potions of brilliance
 X - 2 potions of enlightenment
Miscellaneous
 f - a lightning rod (4/4)
 S - a condenser vane


   Skills:
 + Level 14.0 Fighting
 - Level 14.0 Short Blades
 - Level 5.2 Ranged Weapons
 - Level 2.0 Armour
 - Level 21.0 Dodging
 + Level 20.1 Stealth
 * Level 9.6 Shields
 - Level 16.0 Spellcasting
 - Level 9.0 Conjurations
 + Level 20.3 Hexes
 - Level 20.1 Summonings
 - Level 9.0 Translocations
 - Level 9.0 Transmutations
 - Level 5.0 Air Magic
 - Level 4.0 Earth Magic
 - Level 11.3 Evocations


You had one spell level left.
You knew the following spells:

 Your Spells              Type           Power      Damage    Failure   Level
a - Summon Forest         Summ/Tloc      36%        N/A       1%          5
b - Irradiate             Conj/Tmut      29%        3d21      2%          5
c - Summon Mana Viper     Hex/Summ       86%        N/A       1%          5
d - Monstrous Menagerie   Summ           43%        N/A       1%          7
e - Summon Cactus Giant   Summ           43%        N/A       1%          6
f - Blink                 Tloc           100%       N/A       1%          2
g - Enfeeble              Hex            43%        N/A       1%          7
h - Passwall              Tmut/Erth      41%        N/A       1%          2
i - Discord               Hex            43%        N/A       6%          8
j - Summon Guardian Gole  Hex/Summ       86%        N/A       0%          3
k - Iskenderun's Mystic   Conj/Tloc      58%        2d12      1%          4
m - Dazzling Flash        Conj/Hex       100%       N/A       1%          3

Your spell library contained the following spells:

 Spells                   Type           Power      Damage    Failure   Level
 Slow                     Hex            100%       N/A       0%          1
 Summon Small Mammal      Summ           100%       N/A       0%          1
 Foxfire                  Conj/Fire      100%       2x1d9     1%          1
 Kiss of Death            Conj/Necr      100%       2d13      1%          1
 Magic Dart               Conj           100%       1d8       1%          1
 Sandblast                Erth           76%        2d16      1%          1
 Sting                    Tmut/Pois      100%       1d8       1%          1
 Freeze                   Ice            76%        1d8       3%          1
 Necrotise                Necr           76%        1d7       3%          1
 Call Imp                 Summ           100%       N/A       0%          2
 Call Canine Familiar     Summ           86%        N/A       0%          3
 Confusing Touch          Hex            86%        N/A       0%          3
 Cause Fear               Hex            43%        N/A       0%          4
 Lesser Beckoning         Tloc           100%       N/A       1%          2
 Momentum Strike          Conj/Tloc      100%       3d10      1%          2
 Poisonous Vapours        Pois/Air       62%        N/A       1%          2
 Searing Ray              Conj           100%       2d8       1%          2
 Static Discharge         Conj/Air       100%       2-7/arc   1%          2
 Gell's Gravitas          Tloc           58%        N/A       1%          3
 Hailstorm                Conj/Ice       40%        3d10      1%          3
 Mephitic Cloud           Conj/Pois/Air  41%        N/A       1%          3
 Stone Arrow              Conj/Erth      100%       3d13      1%          3
 Vhi's Electric Charge    Tloc/Air       100%       N/A       1%          3
 Volatile Blastmotes      Fire/Tloc      80%        2d16      1%          3
 Anguish                  Hex/Necr       30%        N/A       1%          4
 Fulminant Prism          Conj/Hex       37%        3d18      1%          4
 Manifold Assault         Tloc           58%        N/A       1%          4
 Passage of Golubria      Tloc           58%        N/A       1%          4
 Summon Ice Beast         Ice/Summ       61%        N/A       1%          4
 Summon Lightning Spire   Summ/Air       68%        N/A       1%          4
 Metabolic Englaciation   Hex/Ice        30%        N/A       1%          5
 Silence                  Hex/Air        34%        N/A       1%          5
 Yara's Violent Unravell  Hex/Tmut       37%        3d15      1%          5
 Summon Hydra             Summ           43%        N/A       1%          7
 Petrify                  Tmut/Erth      50%        N/A       2%          4
 Iskenderun's Battlesphe  Conj           58%        2d11      2%          5
 Cigotuvi's Dreadful Rot  Necr/Pois/Air  54%        N/A       3%          2
 Ignite Poison            Fire/Tmut/Pois 33%        N/A       3%          3
 Scorch                   Fire           38%        2d6       5%          2
 Flame Wave               Conj/Fire      40%        2d11      6%          4
 Arcjolt                  Conj/Air       25%        1d35      6%          5
 Frozen Ramparts          Ice            38%        1d6       11%         3
 Vampiric Draining        Necr           19%        2d7       11%         3
 Dispersal                Tloc           29%        N/A       14%         6
 Fireball                 Conj/Fire      20%        3d10      16%         5
 Freezing Cloud           Conj/Ice/Air   20%        6-21      16%         5
 Conjure Ball Lightning   Conj/Air       25%        3x3d7     32%         6
 Animate Dead             Necr           19%        N/A       36%         4
 Dispel Undead            Necr           19%        3d11      36%         4
 Olgreb's Toxic Radiance  Pois           19%        N/A       36%         4
 Leda's Unmaking          Conj/Erth      25%        9d5       36%         6
 Borgnjor's Vile Clutch   Necr/Erth      14%        N/A       41%         5
 Haunt                    Necr/Summ      30%        N/A       45%         7
 Orb of Destruction       Conj           29%        9d9       61%         7
 Starburst                Conj/Fire      20%        6d7       65%         6
 Dragon's Call            Summ           43%        N/A       69%         9
 Agony                    Necr           19%        N/A       71%         5
 Plasma Beam              Fire/Air       15%        2x1d27    90%         6
 Death Channel            Necr           9%         N/A       99%         6
 Simulacrum               Ice/Necr       9%         N/A       99%         6
 Disjunction              Tloc           29%        N/A       99%         8
 Ozocubu's Refrigeration  Ice            9%         4d9       100%        7
 Ignition                 Fire           9%         3d5       100%        8
 Infestation              Necr           9%         N/A       100%        8
 Lehudib's Crystal Spear  Conj/Erth      25%        10d7      100%        8
 Maxwell's Capacitive Co  Air            21%        ∞         100%        8
 Chain Lightning          Conj/Air       25%        3d34      100%        9
 Fire Storm               Conj/Fire      20%        8d5       100%        9
 Polar Vortex             Ice            9%         12d1*     100%        9
 Shatter                  Erth           19%        3d17*     100%        9


Dungeon Overview and Level Annotations

Branches:
Dungeon (15/15)            Temple (1/1) D:7            Lair (5/5) D:9
 Shoals (4/4) Lair:2        Snake (4/4) Lair:2        Slime (0/5) Lair:5
    Orc (2/2) D:11            Elf (3/3) Orc:2        Vaults (5/5) D:14
  Crypt (0/3) Vaults:2     Depths (4/4) D:15            Zot (5/5) Depths:4
  IceCv (visited)          WizLab (visited)         Gauntlet (visited)

Altars:
Ashenzari
Cheibriados
Dithmenos
Elyvilon
Fedhas
Gozag
Hepliaklqana
Kikubaaqudgha
Makhleb
Nemelex Xobeh
Okawaru
Qazlal
Ru
Sif Muna
Uskayaw
Vehumet
Wu Jian
Xom
Yredelemnul
Zin
The Shining One

Shops:
D:3 !!*==   D:6 =   Orc:1 (!   Orc:2 (=!??   Elf:2 [:   Shoals:4 *   Snake:4 =(
Vaults:1 ?!*[*   Vaults:2 (   Vaults:4 !*!(   Vaults:5 [   Depths:2 *[
Depths:4 =:=

Portals:
Hell: Depths:1 Depths:2 Depths:3 Depths:4
Abyss: Depths:2 Depths:3 Depths:4
Pandemonium: Depths:1 Depths:2
Ziggurat: Depths:3

Annotations:
D:3 1 runed translucent door, 123mememe's ghost, amateur MfIE
D:4 2 transporters, Chingon's ghost, novice DjIE
D:8 exclusion: moth of wrath
Snake:1 1 runed translucent door, Vuarud's ghost, journeyman FeSu
Elf:2 3 runed translucent doors
Vaults:4 3 runed translucent doors
Depths:3 3 runed translucent doors, exclusion: ice statue


Innate Abilities, Weirdness & Mutations

You are small and have problems with some larger weapons.
You are completely attuned to the shadows.
Your system is resistant to poisons. (rPois)


Message History

Unknown command.
Unknown command.
You see here a +0 ring mail.
You see here a +0 ring mail.
An Orb Guardian comes into view.
Casting: Passwall (safe; 1% risk of failure)
Confirm with . or Enter, or press ? or * to list all spells.
Aiming: Passwall (safe; 1% risk of failure)
Press: ? - help, Dir - move target A rock wall.
This square is wreathed by an umbra and is covered in magical glow.
You begin to meditate on the wall.
You continue meditating on the rock.
The Orb Guardian completely misses you.
You riposte.
You hit the Orb Guardian but do no damage.
The Orb Guardian barely misses you.
You riposte.
You hit the Orb Guardian.
The Orb Guardian is lightly wounded.
You continue meditating on the rock.
The Orb Guardian barely misses you.
You continue meditating on the rock.
The Orb Guardian completely misses you. x2; You riposte.
You puncture the Orb Guardian!
The Orb Guardian is moderately wounded.
You continue meditating on the rock.
The Orb Guardian completely misses you.
You riposte.
You hit the Orb Guardian.
Lightning courses through the Orb Guardian!
The Orb Guardian is heavily wounded.
You continue meditating on the rock.
The Orb Guardian completely misses you.
You finish merging with the rock.
Unknown command.
Casting: Passwall (safe; 1% risk of failure)
Confirm with . or Enter, or press ? or * to list all spells.
Aiming: Passwall (safe; 1% risk of failure)
Press: ? - help, Dir - move target A rock wall.
This square is wreathed by an umbra and is covered in magical glow.
You begin to meditate on the wall.
You continue meditating on the rock. x3
You finish merging with the rock.
There is a staircase leading out of the dungeon here.
You have escaped!

..##.....##......##...#..######.#
..#########......###.###.##......
.......####.#.#.###.## ##.#.###.#
#........##......#### ##..# #.#
######.####......##.## ##.#.###.#
# #.# ###.##.##..###..†.....# #
#.# #......##.#r#..##.##### # #.#
#......##.##.#.##.# # #.#
###...@##.####.##.##### #
#.####......##.# #.##...... #
#...##......##.####.######## #
######.#.#####......# #
#......##.###### #### #......##.#
...#########..##.####
##.......##......#
.#..###..##......##########


There were no monsters in sight!

Vanquished Creatures
  A dread lich (Depths:3)
  An orb of fire (Zot:5)
  Mara (Depths:1)
  A juggernaut (Depths:2)
  Saint Roka (Snake:3)
  Margery (Depths:4)
  3 Killer Klowns (Zot:5)
  Parghit (Depths:3)
  A golden dragon (Vaults:5)
  Nikola (Vaults:1)
  A bone dragon (Depths:4)
  2 electric golems
  Jorgrun (D:13)
  5 tentacled monstrosities
  4 liches
  11 Orb Guardians
  A deep elf blademaster (Elf:3)
  3 deep elf master archers (Elf:3)
  4 titans (Vaults:5)
  A walking frostbound tome (Depths:2)
  2 quicksilver dragons
  A moon troll (WizLab)
  2 death cobs
  A kraken (Shoals:3)
  5 sphinxes
  10 tengu reavers
  6 shadow dragons
  6 tentacled starspawn (WizLab)
  9 storm dragons
  Kirke (Snake:2)
  Donald (Snake:4)
  The ghost of Hikye the Metamorph, an adept NaSh of Uskayaw (Shoals:1)
  4 draconian monks
  Aizul (Snake:2)
  An iron dragon (Vaults:5)
  A nagaraja (Snake:4)
  A fenstrider witch (shapeshifter) (Vaults:5)
  11 vault wardens
  11 deep elf sorcerers
  3 fire giants
  4 frost giants
  2 draconian scorchers
  2 balrugs
  3 draconian shifters
  A caustic shrike zombie (D:15)
  A deep elf elementalist (Elf:3)
  25 ironbound preservers
  Louise (Snake:3)
  A draconian stormcaller (Zot:2)
  3 orc warlords
  A ghoul (Vaults:2)
  2 draconian annihilators
  31 very ugly things
  7 war gargoyles
  13 ironbound thunderhulks
  16 stone giants
  8 deep elf demonologists
  2 vampire knights
  3 green draconians
  8 black draconians
  10 purple draconians
  A lorocyproca (Depths:1)
  5 yellow draconians
  2 starcursed masses (WizLab)
  4 red draconians
  7 white draconians
  7 spark wasps
  7 deep elf annihilators (Elf:3)
  14 dire elephants
  2 blizzard demons (IceCv)
  5 deep elf death magi
  4 crystal guardians
  4 merfolk javelineers (Shoals:4)
  A jiangshi (Vaults:2)
  10 fire dragons
  13 ettins
  16 yaktaur captains
  9 merfolk impalers (Shoals:4)
  8 great orbs of eyes
  8 ice dragons
  A rakshasa (Depths:2)
  An entropy weaver (Vaults:1)
  3 hydras
  A caustic shrike simulacrum (IceCv)
  10 ironbound frosthearts
  4 spriggan air magi
  35 vault guards
  2 salamander tyrants (Snake:4)
  4 ogre magi
  3 peacekeepers
  A catoblepas (Lair:5)
  4 merfolk avatars
  An anaconda (shapeshifter) (Depths:2)
  2 boulder beetles
  14 anacondas
  13 centaur warriors
  8 deep troll earth magi
  6 two-headed ogres
  An alligator snapping turtle (Shoals:4)
  11 dancing weapons
  7 naga warriors
  3 satyrs
  3 deep troll shamans
  3 tengu warriors (Depths:1)
  2 spriggan berserkers (Depths:1)
  3 sun demons
  12 naga sharpshooters
  10 shock serpents
  4 hell knights (Depths:4)
  6 deep elf knights
  3 skysharks
  3 vampire magi
  7 orc high priests
  Sonja (Orc:1)
  A spriggan (Depths:1)
  A skeletal warrior (D:15)
  A goliath frog (Shoals:3)
  8 salamander mystics
  A shadow wraith (Vaults:1)
  14 sea snakes
  5 glowing orange brains
  9 wizards
  60 deep trolls
  7 spriggan simulacra (IceCv)
  3 deep elf archers
  7 iron trolls
  6 naga ritualists
  A bog body (IceCv)
  2 orange crystal statues
  3 phantasmal warriors (Vaults:5)
  An obsidian statue (IceCv)
  19 lindwurms
  12 mana vipers
  19 deep elf pyromancers
  2 necromancers
  24 ironbound convokers
  15 deep elf zephyrmancers
  13 harpies
  A wolf spider (Vaults:5)
  4 orc knights
  29 ugly things
  A fire giant zombie (D:15)
  4 fauns (Shoals:4)
  5 cyclopes
  26 salamanders
  7 orc sorcerers
  4 elephants
  6 moths of wrath
  16 manticores
  5 merfolk sirens
  4 water nymphs
  15 naga magi
  14 vault sentinels
  2 eyes of devastation (WizLab)
  6 guardian serpents
  28 black mambas
  12 cane toads
  An ice statue (Depths:3)
  A gargoyle (D:11)
  2 rime drakes
  4 nameless horrors
  23 yaktaurs
  Psyche (D:11)
  A kobold demonologist (D:10)
  A golden dragon simulacrum (IceCv)
  7 komodo dragons
  2 anaconda simulacra (IceCv)
  2 tengu conjurers
  A yaktaur skeleton (Vaults:4)
  10 trolls
  6 ice devils (IceCv)
  A red devil (Depths:1)
  3 freezing wraiths
  5 meliai (D:13)
  28 merfolk
  A hornet (Depths:1)
  4 polar bears
  4 blink frogs
  13 snapping turtles
  7 wind drakes
  A wind drake (shapeshifter) (Vaults:5)
  2 dream sheep
  A centaur simulacrum (D:15)
  23 slime creatures
  Sigmund (D:3)
  2 air elementals
  6 wyverns
  A vampire (D:12)
  A yak (shapeshifter) (D:15)
  2 ynoxinuls (Depths:1)
  A shadow (D:12)
  A dire elephant simulacrum (IceCv)
  34 yaks
  A wraith (Vaults:2)
  3 fire elementals
  13 water elementals
  2 basilisks
  4 hogs (Snake:2)
  A steam dragon (Lair:5)
  7 vampire mosquitoes (D:12)
  2 golden eyes (WizLab)
  3 neqoxecs
  10 minotaur simulacra (IceCv)
  28 nagas
  3 wargs
  3 acid dragons
  2 harpy simulacra (IceCv)
  2 human zombies
  9 water moccasins
  A hell hound (D:3)
  2 hydra simulacra (IceCv)
  30 orc warriors
  2 ice beasts (D:7)
  4 alligator simulacra (IceCv)
  A black bear (D:6)
  8 ogres
  2 boggarts (Vaults:1)
  9 centaurs
  8 wolves
  A phantom (D:5)
  Blork the orc (D:4)
  3 kobold brigands
  3 earth elementals (Elf:1)
  10 bullfrogs
  2 scorpions (D:5)
  12 deep troll simulacra (IceCv)
  5 lindwurm simulacra (IceCv)
  A human simulacrum (Vaults:4)
  2 electric eels (D:9)
  6 howler monkeys
  5 hounds
  3 centaur skeletons (D:10)
  20 orc priests
  Jessica (D:3)
  4 iguanas
  30 orc wizards
  7 adders
  3 gnolls (D:7)
  3 shadow imps
  A white imp (D:5)
  An ufetubus (D:5)
  2 dart slugs
  3 worms
  58 orcs
  5 ball pythons
  2 bats (D:3)
  6 endoplasms
  2 giant cockroaches (D:2)
  2 goblins
  2 hobgoblins
  2 jackals (D:5)
  13 kobolds
  A quokka (D:1)
  3 frilled lizards
  2 starspawn tentacles (WizLab)
  A tentacle (Shoals:3)
1601 creatures vanquished.

Vanquished Creatures (collateral kills)
  A dread lich (Zot:5)
  A golden dragon (Zot:2)
  2 tentacled monstrosities
  An Orb Guardian (Zot:5)
  A titan (Vaults:3)
  A quicksilver dragon (Zot:1)
  A sphinx (Depths:2)
  A death cob (Zot:1)
  2 tentacled starspawn (WizLab)
  2 storm dragons
  A draconian monk (Zot:1)
  A nagaraja (Snake:4)
  2 frost giants
  A balrug (Depths:1)
  A draconian scorcher (Zot:1)
  2 deep elf sorcerers (Elf:3)
  A deep elf elementalist (Elf:3)
  A cacodemon (WizLab)
  5 vault wardens
  A war gargoyle (WizLab)
  8 very ugly things
  4 ironbound preservers
  A stone giant (WizLab)
  A formless jellyfish (Vaults:2)
  5 ironbound thunderhulks
  A black draconian (Zot:3)
  2 purple draconians
  3 white draconians (Zot:3)
  2 deep elf demonologists (Elf:3)
  2 red draconians (Zot:1)
  3 green draconians
  A deep elf death mage (Elf:3)
  2 deep elf annihilators (Elf:3)
  A yellow draconian (Zot:1)
  2 spark wasps (Depths:1)
  A merfolk javelineer (Depths:2)
  A merfolk impaler (Depths:2)
  An ettin (Depths:3)
  Josephine (Lair:5)
  2 yaktaur captains
  2 great orbs of eyes
  7 deep elf high priests
  3 ice dragons
  Fannar (Orc:1)
  4 vault guards
  2 hydras
  A rakshasa (Depths:3)
  A hydra (shapeshifter) (Vaults:3)
  An ogre mage (D:10)
  Erolcha (D:11)
  A boulder beetle (Lair:5)
  An ironbound frostheart (Vaults:4)
  A peacekeeper (Vaults:3)
  A naga warrior (Snake:3)
  3 two-headed ogres
  A naga sharpshooter (Snake:3)
  4 deep troll earth magi
  5 deep troll shamans
  2 hell knights (Depths:4)
  A spriggan berserker (Depths:1)
  2 deep elf knights
  A skeletal warrior (D:15)
  A flayed ghost (D:14)
  9 deep trolls
  4 iron trolls
  3 deep elf archers
  3 wizards
  5 lindwurms
  3 harpies
  3 deep elf zephyrmancers
  A necromancer (D:15)
  7 deep elf pyromancers
  10 ugly things
  6 ironbound convokers
  A cyclops (Shoals:3)
  A manticore (Lair:5)
  3 elephants
  2 merfolk sirens
  6 vault sentinels
  3 slime creatures
  2 black mambas
  3 cane toads (Lair:3)
  A naga mage (Snake:3)
  3 rime drakes
  A komodo dragon (Lair:5)
  An unseen horror (D:10)
  2 tengu conjurers
  An ice devil (Depths:1)
  4 freezing wraiths (Depths:3)
  A meliai (D:13)
  A polar bear (shapeshifter) (D:14)
  2 wind drakes
  2 trolls
  3 dream sheep
  4 blink frogs
  A snapping turtle (Shoals:3)
  A centaur simulacrum (D:10)
  2 water elementals (Depths:2)
  3 wraiths
  A ynoxinul (Depths:1)
  2 fire elementals
  15 yaks
  3 basilisks
  A neqoxec (WizLab)
  Grum (Lair:1)
  A chaos spawn (Depths:1)
  A steam dragon (D:9)
  2 wargs
  A vampire mosquito (D:11)
  7 water moccasins
  A floating eye (Depths:1)
  7 nameless horrors
  11 orc warriors
  An ogre (D:5)
  9 wolves
  3 bullfrogs
  A scorpion (D:2)
  2 electric eels
  4 howler monkeys
  A centaur zombie (D:10)
  2 hounds
  2 jellies
  A gnoll bouda (D:5)
  8 orc priests
  Crazy Yiuf (D:4)
  A sleepcap (D:4)
  3 iguanas
  11 orc wizards
  5 gnolls
  5 adders
  2 shadow imps
  45 orcs
  2 bats
  3 endoplasms
  4 hobgoblins
  4 jackals
  A quokka (D:5)
  3 ball pythons
  3 goblins
  7 kobolds
  A rat (D:8)
  A spectral weapon (Zot:5)
  A starspawn tentacle (WizLab)
419 creatures vanquished.

Vanquished Creatures (others)
  A tentacled monstrosity (Zot:5)
  An Orb Guardian (Zot:5)
  A deep elf master archer (Elf:3)
  An ironbound preserver (Vaults:5)
  2 deep elf annihilators
  A deep elf death mage (Elf:3)
  A blizzard demon (Depths:3)
  A deep elf high priest (Elf:3)
  Harold (Lair:1)
  Urug (Lair:1)
  A spark wasp zombie (D:15)
  A deep elf zephyrmancer (Elf:3)
  2 orc knights (Orc:2)
  A merfolk siren (Lair:2)
  2 cane toads (Lair:5)
  A yaktaur (Vaults:2)
  2 komodo dragons (Lair:1)
  2 rime drakes
  A hornet (Lair:5)
  A merfolk (Lair:2)
  3 dream sheep (Lair:3)
  A blink frog (Lair:3)
  11 yaks
  A wraith (Lair:5)
  A vampire mosquito (D:11)
  3 humans (Snake:2)
  A water moccasin (Lair:5)
  2 wolves (Lair:1)
  2 orc wizards
  3 orcs
  10 snaplasher vines
  12 starspawn tentacles (WizLab)
  21 tentacles
96 creatures vanquished.

Grand Total: 2116 creatures vanquished

Notes
Turn   | Place    | Note
-------+----------+-------------------------------------------
     0 | D:1      | KimchiStew the Kobold Summoner began the quest for the Orb.
     0 | D:1      | Reached XP level 1. HP: 10/10 MP: 3/3
   261 | D:1      | Reached XP level 2. HP: 13/15 MP: 1/5
   275 | D:1      | Learned a level 2 spell: Call Imp
   879 | D:1      | Reached XP level 3. HP: 20/20 MP: 6/6
  1046 | D:2      | Reached skill level 1 in Short Blades
  1077 | D:2      | Reached skill level 1 in Fighting
  1178 | D:2      | Reached XP level 4. HP: 25/25 MP: 7/7
  1289 | D:2      | Noticed a scorpion
  1315 | D:2      | Killed a scorpion
  1316 | D:2      | Reached skill level 5 in Stealth
  1316 | D:2      | Reached XP level 5. HP: 9/29 MP: 5/8
  1708 | D:3      | Found Ynwe's Distillery.
  1714 | D:3      | Bought a potion of degeneration for 14 gold pieces
  1714 | D:3      | Bought a potion of heal wounds for 70 gold pieces
  1731 | D:3      | Found a runed translucent door.
  1731 | D:3      | Noticed 123mememe's ghost (amateur MfIE)
  1977 | D:3      | Learned a level 3 spell: Call Canine Familiar
  1980 | D:3      | Learned a level 2 spell: Blink
  1984 | D:3      | Noticed Sigmund
  2108 | D:3      | Found Uwiaraoh's Jewellery Shoppe.
  2154 | D:3      | Found Zalug's General Store.
  2176 | D:3      | Found a faded altar of an unknown god.
  2185 | D:3      | Found Bitsas Sisha's Jewellery Shop.
  2278 | D:3      | Found Waghept's Distillery.
  2533 | D:3      | Reached XP level 6. HP: 33/35 MP: 10/10
  2745 | D:3      | Noticed Jessica
  2758 | D:3      | Killed Jessica
  2810 | D:3      | Found a shimmering blue altar of Sif Muna.
  2903 | D:3      | Killed Sigmund
  2904 | D:3      | Reached skill level 5 in Summonings
  2904 | D:3      | Reached XP level 7. HP: 37/41 MP: 10/12
  3245 | D:4      | Found a runed translucent door.
  3248 | D:4      | Noticed Crazy Yiuf
  3315 | D:4      | Noticed Blork the orc
  3328 | D:4      | Killed Blork the orc
  3484 | D:4      | Found a transporter.
  3485 | D:4      | Noticed Chingon's ghost (novice DjIE)
  3490 | D:4      | Found a transporter.
  3496 | D:4      | Identified the +5 great mace "Joawam" {drain, Str+2}
  3628 | D:4      | Killed Crazy Yiuf
  3665 | D:5      | Entered Level 5 of the Dungeon
  3853 | D:5      | Reached skill level 5 in Short Blades
  3853 | D:5      | Reached XP level 8. HP: 34/48 MP: 14/14
  4552 | D:5      | Reached skill level 1 in Evocations
  4675 | D:5      | Reached skill level 1 in Translocations
  4693 | D:5      | Found a broken altar of Ashenzari.
  4723 | D:5      | Reached skill level 3 in Dodging
  5510 | D:6      | Found Ypae's Jewellery Shop.
  5526 | D:6      | Identified the +7 dagger of the Foremost Cities {chaos,
                  | rF++ Dex-4}
  5545 | D:6      | Reached XP level 9. HP: 51/52 MP: 15/15
  5747 | D:6      | Found a stormy altar of Qazlal.
  5798 | D:6      | Found a basalt altar of Yredelemnul.
  6142 | D:7      | Found a staircase to the Ecumenical Temple.
  6163 | D:7      | Reached skill level 5 in Fighting
  6167 | Temple   | Entered the Ecumenical Temple
  6276 | D:7      | Reached skill level 4 in Dodging
  6284 | D:7      | Found a white marble altar of Elyvilon.
  6340 | D:7      | Found a shadowy altar of Dithmenos.
  7080 | D:8      | Reached skill level 5 in Spellcasting
  7674 | D:8      | Found an opulent altar of Gozag.
  7873 | D:8      | Reached XP level 10. HP: 60/60 MP: 14/17
  7914 | D:8      | Reached skill level 5 in Dodging
  7946 | D:8      | Noticed a moth of wrath
  8137 | D:8      | Found a glowing golden altar of the Shining One.
  9121 | D:9      | Reached skill level 6 in Dodging
  9440 | D:9      | Reached XP level 11. HP: 67/67 MP: 20/20
  9456 | D:9      | Found a staircase to the Lair.
  9603 | D:9      | Found a hide-covered altar of Uskayaw.
  9626 | D:9      | Reached skill level 7 in Dodging
  9675 | D:9      | Reached skill level 10 in Short Blades
  9805 | D:10     | Entered Level 10 of the Dungeon
 10061 | D:10     | Noticed a two-headed ogre
 10104 | D:10     | Killed a two-headed ogre
 10105 | D:10     | Reached skill level 8 in Dodging
 10425 | D:10     | Noticed an ogre mage
 10433 | D:10     | Paralysed by something for 2 turns
 10436 | D:10     | Killed an ogre mage
 11085 | D:10     | Reached skill level 9 in Dodging
 11101 | D:10     | Reached XP level 12. HP: 58/76 MP: 21/21
 11158 | D:10     | Found an ornate altar of the Wu Jian Council.
 11162 | D:10     | Became a worshipper of the Wu Jian Council
 11168 | D:10     | Found an iron altar of Okawaru.
 11338 | D:11     | Learned a level 3 spell: Summon Guardian Golem
 11343 | D:11     | Learned a level 4 spell: Summon Lightning Spire
 11344 | D:11     | Found a gate leading to a gauntlet.
 11351 | Gauntlet | Entered a Gauntlet
 11351 | Gauntlet | Found a transporter.
 11380 | Gauntlet | Noticed a ghost crab
 11392 | Gauntlet | Found a transporter.
 11403 | Gauntlet | Found a transporter.
 11417 | Gauntlet | Noticed a death yak
 11418 | Gauntlet | Noticed a death yak
 11422 | Gauntlet | Noticed a death yak
 11424 | Gauntlet | Found a runed translucent door.
 11446 | Gauntlet | Found a transporter.
 11501 | Gauntlet | Noticed a death yak
 11501 | Gauntlet | Noticed a death yak
 11643 | Lair:1   | Entered Level 1 of the Lair of Beasts
 11687 | Lair:1   | Noticed a four-headed hydra
 11700 | Lair:1   | Killed a four-headed hydra
 11761 | Lair:1   | Reached skill level 1 in Hexes
 12137 | Lair:1   | Noticed Grum
 12161 | Lair:1   | Killed Grum
 12264 | Lair:1   | Noticed Harold
 12277 | Lair:1   | Killed Harold
 12719 | Lair:1   | Noticed Urug
 12741 | Lair:1   | Killed Urug
 12884 | Lair:2   | Reached skill level 10 in Dodging
 12898 | Lair:2   | Reached * piety under Wu Jian
 12903 | Lair:2   | Reached skill level 10 in Fighting
 13088 | Lair:2   | Found a staircase to the Shoals.
 13182 | Lair:2   | Identified the ring "Dupsyu" {rN+ Str+6 Int+2}
 13286 | Lair:2   | Reached XP level 13. HP: 82/82 MP: 24/24
 13757 | Lair:2   | Found a staircase to the Snake Pit.
 14127 | Lair:2   | Reached skill level 5 in Hexes
 14181 | Lair:2   | Reached skill level 11 in Dodging
 14312 | Lair:3   | Reached skill level 1 in Air Magic
 14335 | Lair:3   | Reached ** piety under Wu Jian
 14574 | Lair:3   | Noticed Nessos
 14587 | Lair:3   | Nessos changed into Nessos the elephant
 14587 | Lair:3   | Noticed Nessos
 14596 | Lair:3   | Killed Nessos the elephant
 14631 | Lair:3   | Noticed a four-headed hydra
 14640 | Lair:3   | Killed a four-headed hydra
 15092 | Lair:3   | Reached *** piety under Wu Jian
 15160 | Lair:3   | Reached skill level 12 in Dodging
 15645 | Lair:3   | Learned a level 4 spell: Iskenderun's Mystic Blast
 15645 | Lair:3   | Upgraded the game from 0.31-a0-455-g1a7b003ef0 to
                  | 0.31-a0-460-g9e667d4245
 15692 | Lair:4   | Reached skill level 5 in Air Magic
 15700 | Lair:4   | Reached skill level 1 in Armour
 15780 | Lair:4   | Noticed an eight-headed hydra
 15784 | Lair:4   | Killed an eight-headed hydra
 15928 | Lair:4   | Reached XP level 14. HP: 88/88 MP: 27/27
 16551 | Lair:5   | Entered Level 5 of the Lair of Beasts
 16554 | Lair:5   | Reached skill level 1 in Shields
 16554 | Lair:5   | Reached skill level 5 in Translocations
 16864 | Lair:5   | Reached **** piety under Wu Jian
 16963 | Lair:5   | Found a staircase to the Slime Pits.
 17249 | Lair:5   | Reached skill level 5 in Shields
 17562 | Lair:5   | Noticed Josephine
 17583 | Lair:5   | Killed Josephine
 18170 | D:11     | Noticed Psyche
 18173 | D:11     | Killed Psyche
 18266 | D:11     | Reached ***** piety under Wu Jian
 18658 | D:11     | Found a staircase to the Orcish Mines.
 18760 | D:11     | Reached skill level 1 in Conjurations
 18782 | D:11     | Noticed Erolcha
 18789 | D:11     | Killed Erolcha
 19246 | Orc:1    | Entered Level 1 of the Orcish Mines
 19268 | Orc:1    | Reached XP level 15. HP: 92/92 MP: 21/28
 19332 | Orc:1    | Noticed Fannar
 19374 | Orc:1    | Killed Fannar
 19664 | Orc:1    | Found Opaacs's Antique Weapon Shoppe.
 19670 | Orc:1    | Bought a runed rapier for 140 gold pieces
 19732 | Orc:1    | Noticed Sonja
 19739 | Orc:1    | Killed Sonja
 19740 | Orc:1    | Reached skill level 5 in Conjurations
 19924 | Orc:1    | Found Qasoom's Distillery.
 19928 | Orc:1    | Bought a potion of heal wounds for 65 gold pieces
 19928 | Orc:1    | Bought 2 potions of might for 104 gold pieces
 19928 | Orc:1    | Bought a potion of curing for 39 gold pieces
 19928 | Orc:1    | Bought 2 potions of cancellation for 208 gold pieces
 19974 | Orc:1    | Noticed an orc warlord
 19976 | Orc:1    | Killed an orc warlord
 20174 | Orc:2    | Entered Level 2 of the Orcish Mines
 20421 | Orc:2    | Found a staircase to the Elven Halls.
 20433 | Orc:2    | Noticed an orc warlord
 20441 | Orc:2    | Killed an orc warlord
 20848 | Orc:2    | Found Vamax's Weapon Boutique.
 20849 | Orc:2    | Found Guruezoo's Jewellery Boutique.
 20850 | Orc:2    | Found Izedot's Magic Scroll Shop.
 20851 | Orc:2    | Found Giqoto Xobe's Distillery.
 20897 | Orc:2    | Bought a scroll of teleportation for 39 gold pieces
 20898 | Orc:2    | Bought a potion of curing for 42 gold pieces
 20898 | Orc:2    | Bought a potion of heal wounds for 70 gold pieces
 20898 | Orc:2    | Bought a potion of might for 56 gold pieces
 20898 | Orc:2    | Bought a potion of haste for 140 gold pieces
 20900 | Orc:2    | Bought the ring of Shadows {Umbra +Inv Stlth+} for 640 gold
                  | pieces
 20900 | Orc:2    | Found the ring of Shadows {Umbra +Inv Stlth+}
 20966 | Orc:2    | Reached skill level 10 in Stealth
 21041 | Orc:2    | Found Bemiwoma's Magic Scroll Emporium.
 21133 | Orc:2    | Reached skill level 5 in Evocations
 21811 | D:12     | Learned a level 2 spell: Passwall
 22117 | D:12     | Reached skill level 1 in Transmutations
 22117 | D:12     | Reached skill level 1 in Earth Magic
 22787 | D:13     | Reached XP level 16. HP: 99/99 MP: 27/29
 22885 | D:13     | Noticed Jorgrun
 22888 | D:13     | Killed Jorgrun
 23757 | D:14     | Found a gate to the Vaults.
 24184 | D:15     | Entered Level 15 of the Dungeon
 24886 | D:15     | Found a staircase to the Depths.
 25809 | Shoals:1 | Entered Level 1 of the Shoals
 25874 | Shoals:1 | Found a runed translucent door.
 25900 | Shoals:1 | Noticed Hikye's ghost (adept NaSh)
 25904 | Shoals:1 | Killed Hikye's ghost
 26068 | Shoals:2 | Found a frozen archway.
 26128 | IceCv    | Entered an ice cave
 27021 | IceCv    | Reached XP level 17. HP: 106/106 MP: 30/30
 27071 | IceCv    | Reached skill level 15 in Stealth
 27440 | Shoals:1 | Reached skill level 1 in Ranged Weapons
 27663 | Shoals:1 | Reached skill level 5 in Ranged Weapons
 28279 | Shoals:3 | Reached ****** piety under Wu Jian
 28664 | Shoals:4 | Entered Level 4 of the Shoals
 28680 | Shoals:4 | Reached skill level 10 in Evocations
 28725 | Shoals:4 | Found Pokuomytof's Assorted Antiques.
 29031 | Shoals:4 | Bought a scroll labelled XETEKH GIYMYL for 34 gold pieces
 29063 | Shoals:4 | Got a barnacled rune of Zot
 29268 | Shoals:4 | Learned a level 5 spell: Summon Mana Viper
 29276 | Shoals:4 | Learned a level 7 spell: Monstrous Menagerie
 29344 | Shoals:4 | Reached XP level 18. HP: 112/112 MP: 28/31
 29437 | Shoals:4 | Identified the amulet of Disaster {Spirit rPois rF++ Int+5}
 30201 | Shoals:4 | Learned a level 3 spell: Dazzling Flash
 31041 | Shoals:3 | Got Muroilyt's Almanac of Cursed Clay
 31054 | Shoals:3 | Noticed a kraken
 31068 | Shoals:3 | Killed a kraken
 31219 | Shoals:3 | Reached skill level 10 in Summonings
 31457 | Shoals:2 | Identified the +3 spear "Dragon's Tongue" {flame, Str+4}
 32012 | Shoals:2 | Noticed a kraken
 32475 | Snake:1  | Entered Level 1 of the Snake Pit
 32900 | Snake:1  | Found a runed translucent door.
 32909 | Snake:1  | Noticed Vuarud's ghost (journeyman FeSu)
 33286 | Snake:1  | Identified the +6 chain mail of Lifelessness {rN+ Dex+2}
 33296 | Snake:1  | Found a gateway to a bazaar.
 33433 | Bazaar   | Entered a bazaar
 33433 | Bazaar   | Found Cased's General Store.
 33433 | Bazaar   | Found Keih Fut's Antique Armour Shop.
 33434 | Bazaar   | Found Nutitufi's Antique Armour Boutique.
 33435 | Bazaar   | Found Ixzeriy's Antique Weapon Shop.
 33435 | Bazaar   | Found Bieddier's Distillery.
 33443 | Bazaar   | Found Jeyvudib's Weapon Boutique.
 33472 | Bazaar   | Bought a pair of pitted boots for 237 gold pieces
 33472 | Bazaar   | Identified the +0 pair of boots of Wowkiuc {rN+} (You
                  | bought it in a shop in a bazaar)
 33684 | Snake:2  | Reached skill level 10 in Spellcasting
 34164 | Snake:2  | Noticed Kirke
 34180 | Snake:2  | Killed Kirke
 34875 | Snake:3  | Noticed Saint Roka
 34889 | Snake:3  | Noticed Louise
 34894 | Snake:3  | Killed Louise
 35310 | Snake:3  | Reached XP level 19. HP: 116/116 MP: 28/33
 35504 | Snake:3  | Noticed Aizul
 35543 | Snake:2  | Killed Aizul
 36062 | Snake:3  | Killed Saint Roka
 36253 | Snake:3  | Identified the +1 halberd of Festooned Purpose {vamp, rC+
                  | Int+4}
 36555 | Snake:4  | Entered Level 4 of the Snake Pit
 36867 | Snake:4  | Noticed Donald
 36878 | Snake:4  | Killed Donald
 37243 | Snake:4  | Found Nudghiqa's Antique Weapon Boutique.
 37265 | Snake:4  | Found Bynlo's Jewellery Boutique.
 37910 | Snake:4  | Reached skill level 13 in Dodging
 38751 | Snake:4  | Reached XP level 20. HP: 113/122 MP: 9/35
 38757 | Snake:4  | Got a serpentine rune of Zot
 39233 | D:3      | Bought the ring "Ygatzy" {rElec rF+++ EV+5 Str+3 Slay-2}
                  | for 1160 gold pieces
 39715 | D:3      | Bought a ring of see invisible for 210 gold pieces
 39947 | Vaults:1 | Entered Level 1 of the Vaults
 40037 | Vaults:1 | Reached skill level 10 in Hexes
 40052 | Vaults:1 | Found Wealyr's Antique Armour Shop.
 40063 | Vaults:1 | Found Wics's General Store.
 40177 | Vaults:1 | HP: 4/122 [yaktaur captain (19)]
 40198 | Vaults:1 | Found a magical portal.
 40204 | WizLab   | Entered Lehudib's Moon Base
 40472 | WizLab   | Reached skill level 14 in Dodging
 40927 | WizLab   | Gained mutation: Your magical capacity is low. (-10% MP) [a
                  | neqoxec]
 40998 | WizLab   | Found a transporter.
 41070 | WizLab   | Reached skill level 15 in Summonings
 41380 | WizLab   | Identified the ring of Cynicism {rPois rN+ MP+9 Dex-5}
 41513 | WizLab   | Found a transporter.
 41882 | WizLab   | Identified the ring "Syseghua" {Ice Slay+6}
 41885 | WizLab   | Identified the +6 broad axe of Growth {flame, Int+5}
 42479 | Vaults:1 | Reached XP level 21. HP: 125/127 MP: 11/34
 42531 | Vaults:1 | Reached skill level 15 in Dodging
 43282 | Vaults:1 | Noticed Nikola
 43285 | Vaults:1 | Killed Nikola
 43523 | Vaults:1 | Found Lisuh's Magic Scroll Shoppe.
 43528 | Vaults:1 | Bought a scroll of brand weapon for 171 gold pieces
 43879 | Vaults:1 | Found Qiyrgh's Assorted Antiques.
 43893 | Vaults:1 | Found Isiug's Distillery.
 44017 | Vaults:2 | Found Etohush's Weapon Boutique.
 44182 | Vaults:2 | Found a staircase to the Crypt.
 44416 | Vaults:2 | Reached XP level 22. HP: 130/132 MP: 27/35
 44758 | Vaults:2 | Reached skill level 16 in Dodging
 47373 | Vaults:3 | Identified the amulet of Dazxou {Acrobat *Slow rF+ rN+
                  | Int+2}
 48281 | Vaults:4 | Found Qostiq's Weapon Shoppe.
 48409 | Vaults:4 | Found a runed translucent gate.
 48409 | Vaults:4 | Found a runed translucent gate.
 48409 | Vaults:4 | Found a runed translucent gate.
 48734 | Vaults:4 | Reached skill level 17 in Dodging
 48752 | Vaults:4 | Found Dugonai's Distillery.
 48755 | Vaults:4 | Reached XP level 23. HP: 136/136 MP: 37/37
 49142 | Vaults:4 | Found Beffid's General Store.
 49355 | Vaults:4 | Found Keroic's Distillery.
 49900 | Vaults:4 | Reached skill level 15 in Spellcasting
 50498 | Elf:1    | Entered Level 1 of the Elven Halls
 51746 | Elf:2    | Found Xohug's Antique Armour Emporium.
 51856 | Elf:2    | Found Kups's Self-Published Books.
 51861 | Elf:2    | Bought the Compendium of Modern Magic, Vol. 16 for 260 gold
                  | pieces
 51867 | Elf:2    | Learned a level 5 spell: Summon Forest
 51874 | Elf:2    | Learned a level 6 spell: Summon Cactus Giant
 51880 | Elf:2    | Learned a level 5 spell: Irradiate
 52090 | Elf:2    | Found a runed translucent gate.
 52090 | Elf:2    | Found a runed translucent gate.
 52091 | Elf:2    | Found a runed translucent gate.
 52394 | Elf:3    | Entered Level 3 of the Elven Halls
 53328 | Elf:3    | Found a portal to a secret trove of treasure.
 53578 | Elf:3    | Reached skill level 18 in Dodging
 53585 | Elf:3    | Reached XP level 24. HP: 42/142 MP: 3/38
 54109 | Elf:3    | Identified the ring "Xeetoyj" {rF+ MP+9 Str+2}
 54124 | Elf:3    | Identified the +6 double sword of the Shallot {flame, Fly
                  | Will+++ Dex-2 SInv}
 54339 | Elf:3    | Got Iqantir's Cyclopedia of Transmigration and the Torch
 54365 | Elf:3    | Got Basme's Second Course in Magic
 54372 | Elf:3    | Got the Notes on Inhalation
 54403 | Elf:3    | Identified the +2 pair of boots of the Morning Star {Will+
                  | Int+2 Slay+3 SInv}
 54433 | Elf:3    | Identified the staff "Gil Mal" {rF+ Str+3 Fire}
 54440 | Elf:3    | Identified the +4 leather armour of the Moon Troll {rPois
                  | rN++ Str-5 Dex+4}
 54455 | Elf:3    | Got the Reference Book on Transforming Battle Magic
 54459 | Elf:3    | Identified the +1 dagger of Biamim {freeze, rC+ Str+4}
 54461 | Elf:3    | Got the Almanac of the Countless Wars
 54649 | Elf:3    | Identified the +0 dagger of Gozag, Blushing {spect, rElec
                  | rF+ rC+ Int+3}
 54675 | Elf:3    | Identified the +4 shortbow "Ceill" {freeze, Drain rPois
                  | Dex+6}
 54792 | Elf:3    | Learned a level 8 spell: Discord
 55275 | Vaults:4 | Bought 2 potions of heal wounds for 100 gold pieces
 55536 | Depths:1 | Entered Level 1 of the Depths
 55579 | Depths:1 | Found a one-way gate leading to the halls of Pandemonium.
 56399 | Depths:1 | Reached skill level 15 in Hexes
 56835 | Depths:1 | Found a gateway to Hell.
 56848 | Depths:1 | Noticed Mara
 56862 | Depths:1 | Killed Mara
 56863 | Depths:1 | Reached skill level 5 in Transmutations
 57135 | Depths:2 | Found Uluwes's Antique Armour Boutique.
 57157 | Depths:2 | Found a one-way gate to the infinite horrors of the Abyss.
 57336 | Depths:2 | Found Niez's Gadget Gallery.
 57445 | Depths:2 | Identified the +0 scale mail of Qifosiw {Rampage rC- rCorr
                  | Dex+4}
 57762 | Depths:2 | Reached skill level 19 in Dodging
 57913 | Depths:2 | Reached XP level 25. HP: 147/147 MP: 38/38
 57934 | Depths:2 | Identified the +4 mace of Woe {freeze, Int+6}
 58055 | Depths:2 | Got the Almanac of Iniquitous Deeds and Production
 58496 | Depths:2 | Noticed a juggernaut
 58499 | Depths:2 | Killed a juggernaut
 58843 | Depths:3 | Noticed Parghit
 58987 | Depths:3 | Found a one-way gateway to a ziggurat.
 59502 | Depths:3 | Noticed a dread lich
 59516 | Depths:3 | Paralysed by a dread lich for 4 turns
 59530 | Depths:3 | Killed a dread lich
 60044 | Depths:3 | Killed Parghit
 60210 | Depths:3 | Found a shadowy altar of Dithmenos.
 60473 | Depths:3 | Found a runed translucent gate.
 60474 | Depths:3 | Found a runed translucent gate.
 60475 | Depths:3 | Found a runed translucent gate.
 61352 | Vaults:5 | Entered Level 5 of the Vaults
 61423 | Vaults:5 | Reached skill level 20 in Dodging
 61426 | Vaults:5 | Found the +2 hood of the Assassin {Detect Stab+ Stlth++}
 61443 | Vaults:5 | Found Xutuiqio's Antique Armour Emporium.
 61444 | Vaults:5 | Reached XP level 26. HP: 68/150 MP: 4/38
 61764 | Vaults:5 | Identified the +10 flail of Eminent Domain {flame, rC-
                  | Dex+6}
 62081 | Vaults:5 | Identified the staff of Untruth {rPois Str+3 Poison}
 62364 | Vaults:5 | Reached skill level 21 in Dodging
 62380 | Vaults:5 | Identified the +8 sling of the Skies Above {antimagic,
                  | rCorr}
 62543 | Vaults:5 | Identified 2 scrolls of acquirement
 62543 | Vaults:5 | Acquired 527 gold pieces
 62544 | Vaults:5 | Acquired 844 gold pieces
 62576 | Vaults:5 | Identified the staff "Ohedown" {Drain rC+ rCorr Int+5 SInv
                  | Ice}
 62578 | Vaults:5 | Got a silver rune of Zot
 62737 | Vaults:5 | Learned a level 7 spell: Enfeeble
 63010 | Depths:2 | Identified the amulet of Surprise {RegenMP Str+4}
 63378 | Vaults:4 | Bought a potion of haste for 100 gold pieces
 63495 | Vaults:2 | Bought the +5 rapier of Zuqopote {elec, Will+ Str+4 Int+4}
                  | for 1159 gold pieces
 63518 | Vaults:1 | Bought a potion of resistance for 190 gold pieces
 63518 | Vaults:1 | Bought a potion of haste for 190 gold pieces
 63518 | Vaults:1 | Bought a potion of cancellation for 152 gold pieces
 63692 | Vaults:4 | Bought a potion of haste for 190 gold pieces
 63692 | Vaults:4 | Bought 2 potions of resistance for 380 gold pieces
 63692 | Vaults:4 | Bought a potion of resistance for 190 gold pieces
 64497 | Depths:4 | Entered Level 4 of the Depths
 64786 | Depths:4 | Found a blossoming altar of Fedhas.
 64856 | Depths:4 | Noticed Margery
 64859 | Depths:4 | Killed Margery
 65106 | Depths:4 | Found a gate to the Realm of Zot.
 65449 | Depths:4 | Found Isipta Ariuz's Jewellery Boutique.
 65449 | Depths:4 | Found Voerphuyt's Jewellery Boutique.
 65492 | Depths:4 | Found Busmea's Book Emporium.
 65507 | Depths:4 | Bought the ring "Kyjammaj" {+Blink rElec rPois rCorr
                  | Stlth-} for 788 gold pieces
 65625 | Depths:4 | Found the +0 pair of fencer's gloves {Riposte Dex+3}
 65647 | Depths:4 | Identified the +0 chain mail of the Usurping Artisans {rF+
                  | Will+ SInv Stlth+}
 65802 | Zot:1    | Entered Level 1 of the Realm of Zot
 65823 | Zot:2    | Reached XP level 27. HP: 159/159 MP: 38/38
 66631 | Zot:5    | Entered Level 5 of the Realm of Zot
 67936 | Zot:1    | Identified the +2 leather armour "Zouzehu" {Int+4 Slay-4}
 69200 | Zot:2    | Identified the ring of Ekeom {rN+++ Will+ Dex-4}
 69534 | Orc:2    | Bought a scroll of enchant armour for 105 gold pieces
 69566 | Orc:2    | Bought a scroll of enchant armour for 97 gold pieces
 70267 | Elf:3    | You paid a toll of +3 storm dragon scales to enter a
                  | treasure trove
 70268 | Trove    | Entered a treasure trove
 70282 | Trove    | Identified the +8 quarterstaff of the Lesser Evil {flame,
                  | Will+}
 70294 | Trove    | Identified the +5 rapier of the Everdark {freeze, Dex+3}
 71144 | Zot:5    | Noticed a dread lich
 71150 | Zot:5    | Killed a dread lich
 71159 | Zot:5    | Noticed a Killer Klown
 71163 | Zot:5    | Noticed an orb of fire
 71166 | Zot:5    | Gained mutation: You have a pair of small antennae on your
                  | head. [an orb of fire]
 71167 | Zot:5    | Gained mutation: You are vulnerable to cold. (rC-) [an orb
                  | of fire]
 71178 | Zot:5    | Gained mutation: Your spells are a little easier to cast,
                  | but a little less powerful. [an orb of fire]
 71193 | Zot:5    | Gained mutation: You occasionally shout uncontrollably at
                  | your foes. [an orb of fire]
 71197 | Zot:5    | Killed a Killer Klown
 71200 | Zot:5    | Noticed a Killer Klown
 71210 | Zot:5    | Gained mutation: You occasionally lose the ability to read
                  | scrolls when taking damage. [an orb of fire]
 71223 | Zot:5    | Gained mutation: You occasionally lose the ability to drink
                  | potions when taking damage. [an orb of fire]
 71224 | Zot:5    | Gained mutation: You are occasionally teleported next to
                  | monsters. [an orb of fire]
 71231 | Zot:5    | Killed an orb of fire
 71261 | Zot:5    | Killed a Killer Klown
 71474 | Zot:5    | Noticed a Killer Klown
 71475 | Zot:5    | Lost mutation: Your magical capacity is low. (-10% MP)
                  | [potion of mutation]
 71475 | Zot:5    | Lost mutation: You have a pair of small antennae on your
                  | head. [potion of mutation]
 71475 | Zot:5    | Lost mutation: Your spells are a little easier to cast, but
                  | a little less powerful. [potion of mutation]
 71475 | Zot:5    | Gained mutation: You have hidden genetic potential. [potion
                  | of mutation]
 71475 | Zot:5    | Gained mutation: Your spells are a little harder to cast,
                  | but a little more powerful. [potion of mutation]
 71477 | Zot:5    | Lost mutation: You have hidden genetic potential. [potion
                  | of mutation]
 71477 | Zot:5    | Lost mutation: You occasionally lose the ability to read
                  | scrolls when taking damage. [potion of mutation]
 71477 | Zot:5    | Gained mutation: Your natural rate of healing is unusually
                  | fast. [potion of mutation]
 71478 | Zot:5    | Lost mutation: Your spells are a little harder to cast, but
                  | a little more powerful. [potion of mutation]
 71478 | Zot:5    | Lost mutation: You are vulnerable to cold. (rC-) [potion of
                  | mutation]
 71478 | Zot:5    | Lost mutation: Your natural rate of healing is unusually
                  | fast. [potion of mutation]
 71478 | Zot:5    | Gained mutation: You have hidden genetic defects. [potion
                  | of mutation]
 71478 | Zot:5    | Gained mutation: Your magical capacity is low. (-10% MP)
                  | [potion of mutation]
 71478 | Zot:5    | Gained mutation: You have large cloven feet. [potion of
                  | mutation]
 71478 | Zot:5    | Noticed a Killer Klown
 71479 | Zot:5    | Lost mutation: You have hidden genetic defects. [potion of
                  | mutation]
 71479 | Zot:5    | Lost mutation: You have large cloven feet. [potion of
                  | mutation]
 71479 | Zot:5    | Lost mutation: You are occasionally teleported next to
                  | monsters. [potion of mutation]
 71479 | Zot:5    | Gained mutation: You expend magic power (3 MP) to
                  | strengthen your wands. [potion of mutation]
 71479 | Zot:5    | Gained mutation: You are partially covered in iridescent
                  | scales. (AC +2) [potion of mutation]
 71482 | Zot:5    | Noticed an orb of fire
 71484 | Zot:5    | Gained mutation: You are vulnerable to cold. (rC-) [an orb
                  | of fire]
 71490 | Zot:5    | Gained mutation: Your spells are a little easier to cast,
                  | but a little less powerful. [an orb of fire]
 71495 | Zot:5    | Gained mutation: You have a pair of small antennae on your
                  | head. [an orb of fire]
 71499 | Zot:5    | Noticed a Killer Klown
 71500 | Zot:5    | Noticed a Killer Klown
 71500 | Zot:5    | Lost mutation: You are partially covered in iridescent
                  | scales. (AC +2) [an orb of fire]
 71516 | Zot:5    | Got the Orb of Zot
 71527 | Zot:5    | Killed a Killer Klown
 71809 | D:13     | Noticed Nadean the pandemonium lord
 71876 | D:9      | Lost mutation: Your magical capacity is low. (-10% MP)
                  | [potion of mutation]
 71876 | D:9      | Lost mutation: You expend magic power (3 MP) to strengthen
                  | your wands. [potion of mutation]
 71876 | D:9      | Gained mutation: You are somewhat resistant to further
                  | mutation. [potion of mutation]
 71877 | D:9      | Lost mutation: You occasionally shout uncontrollably at
                  | your foes. [potion of mutation]
 71877 | D:9      | Lost mutation: Your spells are a little easier to cast, but
                  | a little less powerful. [potion of mutation]
 71877 | D:9      | Gained mutation: You occasionally shout uncontrollably at
                  | your foes. [potion of mutation]
 71877 | D:9      | Gained mutation: You frequently scream uncontrollably at
                  | your foes. [potion of mutation]
 71878 | D:9      | Lost mutation: You have a pair of small antennae on your
                  | head. [potion of mutation]
 71878 | D:9      | Lost mutation: You are vulnerable to cold. (rC-) [potion of
                  | mutation]
 71878 | D:9      | Lost mutation: You occasionally lose the ability to drink
                  | potions when taking damage. [potion of mutation]
 71878 | D:9      | Lost mutation: You frequently scream uncontrollably at your
                  | foes. [potion of mutation]
 71879 | D:9      | Lost mutation: You occasionally shout uncontrollably at
                  | your foes. [potion of mutation]
 71879 | D:9      | Lost mutation: You are somewhat resistant to further
                  | mutation. [potion of mutation]
 71879 | D:9      | Gained mutation: You are frail. (-10% HP) [potion of
                  | mutation]
 71879 | D:9      | Gained mutation: Your muscles are strong. (Str +4, Int/Dex
                  | -1) [potion of mutation]
 71880 | D:9      | Lost mutation: You are frail. (-10% HP) [potion of
                  | mutation]
 71880 | D:9      | Lost mutation: Your muscles are strong. (Str +4, Int/Dex
                  | -1) [potion of mutation]
 71880 | D:9      | Gained mutation: You possess an exceptional clarity of
                  | mind. [potion of mutation]
 71880 | D:9      | Lost mutation: You possess an exceptional clarity of mind.
                  | [potion of mutation]
 71880 | D:9      | Gained mutation: Your system is resistant to poisons.
                  | (rPois) [potion of mutation]
 72165 | D:$      | Escaped with the Orb!

Illustrated notes

Levels and vault maps discovered:
D:1:      dpeg_arrival_ternary, layout_loops_ring
D:2:      layout_basic, serial_glass, glass_columns_b, glass_columns_a,
          glass_columns_c, glass_columns_c, glass_columns_b, glass_columns_a
D:3:      minmay_chambers_of_threes, layout_loops_ring, tgw_sif,
          hellmonk_ghost_happy_afterlife, serial_shops,
          nicolae_shop_statue_plus, shop, shop, nicolae_shop_gaudy_bauble, shop,
          ebering_ecumenical_altar_hall, hex_large, uniq_sigmund
D:4:      layout_gridville, gammafunk_ghost_smash, uniq_blork_the_orc,
          uniq_crazy_yiuf_cottage
D:5:      layout_layer_cave, mainiacjoe_overflow_six_doors_small
D:6:      layout_rooms, kennysheep_little_box, general_overflow_altar,
          serial_shops, nicolae_shop_gaudy_bauble
D:7:      layout_layer_cave, mainiacjoe_overflow_surrounded_room,
          old_standard_altar, minmay_temple_entry_junction,
          minmay_strange_pillars
D:8:      layout_basic, tgw_trog, overflow_temple_1_default,
          mainiacjoe_overflow_cross_hatched
D:9:      layout_loops_ring, nicolae_uskayaw_murder_on_the_dancefloor,
          erik_lair_island
D:10:     layout_basic, mainiacjoe_overflow_large_starburst,
          hangedman_weighted_door, small_chamber_with_monster
D:11:     layout_long_grid, hiddenorc2_lemuel, gauntlet_entry_generic,
          uniq_erolcha, uniq_psyche
D:12:     layout_gridville, nicolae_two_hexagons, nrook_guardian_serpent_double
D:13:     layout_cave_pools, uniq_jorgrun
D:14:     layout_irregular_city, david_vaults_5
D:15:     gammafunk_depths_entry_grave, layout_loops_ring, nicolae_hexahallways
Temple:   cyrus_temple_forest
Lair:1:   layout_loops_ring, uniq_harold, uniq_urug, uniq_grum
Lair:2:   layout_long_grid, elwin_shoals_entry_stream,
          minmay_snake_entry_six_corridors, serial_bayou_pond_c,
          serial_bayou_shore_a
Lair:3:   layout_small_grid, beast_lair_carwin_11, uniq_nessos
Lair:4:   layout_cave_pods, st_stairs_10
Lair:5:   gammafunk_lair_ancient_temple, layout_loops_ring,
          nicolae_slime_entry_slimehenge, uniq_josephine
Shoals:1: layout_shoals, ebering_ghost_reflecting_pool, nzn_prometheus_bound
Shoals:2: layout_shoals, portal_ice_cave_entry_ugly_swarm, centaur_isle
Shoals:3: layout_shoals, nicolae_shoals_goliath_grotto
Shoals:4: shoals_end_simple, layout_shoals, serial_shops, shop
Snake:1:  layout_misc_corridors, serial_shops, statue_bzr,
          ebering_ghost_reflecting_pool, nicolae_snake_salamander_stairs
Snake:2:  layout_basic, uniq_kirke
Snake:3:  layout_misc_corridors, uniq_saint_roka, uniq_louise, uniq_aizul
Snake:4:  snake_pit_salamanders_mu, layout_basic, minmay_shop_star, uniq_donald
Orc:1:    layout_caves, serial_shops, nicolae_shop_back_alley_shop,
          nicolae_shop_overgrown_old_shop, uniq_sonja, uniq_fannar
Orc:2:    st_orc_mages, layout_diamond_mine, serial_shops, shop,
          guppyfry_orc_lava_fort
Elf:1:    nicolae_elf_arrival_no_cutting_in_line, layout_loops_cross,
          evilmike_minifort
Elf:2:    nicolae_elf_blades_splatter_lattice [nicolae_blade_entry_pointy_end],
          layout_geoelf_diagonals, serial_shops, shop, drop_trap,
          nicolae_custom_books
Elf:3:    minmay_elf_hall_four_x, layout_gridlike, trove_entry_hex_spiral
Vaults:1: mu_enter_wizlab_4, vaults_mumra_hex, nicolae_vaults_sealed_display,
          vaults_standard_mumra_lines, st_octagons_1,
          nicolae_vaults_offset_grid_hallway_3, nicolae_vaults_network_barrier,
          nicolae_vaults_what_the_h, hangedman_vaults_stream,
          layout_vaults_maze_bifur, serial_shops, nicolae_diamond_shop,
          nicolae_shop_just_a_little_nook,
          nicolae_shop_temple_entry_statues_fountains, nicolae_diamond_shop,
          shop, uniq_nikola
Vaults:2: minmay_crypt_entry_simple_corners, vaults_room_stairs_pillars,
          nicolae_vaults_stepped_doors, nicolae_vaults_door_testing_chamber,
          vaults_room_pool, nicolae_vaults_taking_the_gang_shopping,
          nicolae_vaults_house_3, grunt_vaults_twisty,
          nicolae_vaults_storage_closets_3, nicolae_vaults_network_quinsquares
          [nicolae_vaults_network_quincunx_subvault,
          nicolae_vaults_network_quincunx_subvault,
          nicolae_vaults_network_quincunx_subvault,
          nicolae_vaults_network_quincunx_subvault],
          nicolae_vaults_tetromino_T_2, layout_vaults_ring
Vaults:3: hangedman_vaults_variations, vaults_room_glass_cross,
          nicolae_vaults_closet_pinwheel_2, v_misc_18, vaults_room_fours,
          v_alt_pattern_6, nicolae_vaults_angled_halls,
          nicolae_vaults_double_plus_1, nicolae_vaults_trapezoid_3,
          layout_vaults_omnigrid
Vaults:4: gammafunk_ghost_necromancy, nicolae_vaults_doubleplus_tesselated,
          nicolae_vaults_storage_room_glass, v_rooms_1, v_rooms_4,
          grunt_vaults_funnel, nicolae_vaults_c_with_doors,
          nicolae_vaults_little_ls, nicolae_vaults_trapezoid_3,
          layout_vaults_big_room, serial_shops, shop, nicolae_shop_tiny_glass,
          shop, nicolae_shop_back_alley_shop
Vaults:5: serial_shops
Depths:1: layout_roguey, minmay_misc_feat_alley, grunt_pan_entry_zigzag,
          pf_dread_powers_of_hell, nicolae_titane, uniq_mara
Depths:2: evilmike_diamond_1, layout_cave_pools, abyss_entry_crystal, pan_entry,
          pf_hell_entry_tar_spiral, serial_shops, shop, nicolae_shop_gadgets
Depths:3: cheibrodos_cascadia, layout_gridville, enter_ziggurat_e, abyss_entry,
          infiniplex_staircase_pool_lava, serial_rivers,
          chequers_serial_rivers_marsh, chequers_serial_rivers_small_3,
          chequers_serial_rivers_micro_b, chequers_serial_rivers_micro_d,
          gammafunk_ghost_icy, hell_entry, grunt_dithmenos_smoke_and_mirrors,
          uniq_parghit
Depths:4: grunt_x_marks_the_spot, layout_cave_pools, fedhas_altar_4,
          lightli_too_deep, nicolae_abyss_entry_one_way_or_another,
          serial_bayou_shore_b, minmay_shop_grove, uniq_margery
Zot:1:    layout_basic, grunt_ministairs_3
Zot:2:    layout_misc_corridors
Zot:3:    hellmonk_paralyzer, layout_cellular_growth, uniq_grunn
Zot:4:    layout_cathedral_of_symmetry
Zot:5:    layout_misc_corridors

Skill      XL: |  1  2  3  4  5  6  7  8  9 10 11 12 13 14 15 16 17 18 19 20 21 22 23 24 25 26 27 |
---------------+----------------------------------------------------------------------------------+-----
Stealth        | 3 4 5 11 14 17 18 20 | 20.1
Short Blades   | 1 2 3 5 6 7 9 11 12 14 | 14.0
Fighting       | 1 2 3 4 5 7 9 10 12 14 | 14.0
Spellcasting   | 3 4 5 6 7 9 10 11 12 13 14 15 16 | 16.0
Summonings     | 5 6 8 9 12 13 15 17 18 19 20 | 20.1
Evocations     | 2 4 6 9 11 | 11.3
Translocations | 1 3 4 9 |  9.0
Dodging        | 3 4 6 9 10 12 13 14 15 17 18 19 20 21 | 21.0
Hexes          | 4 5 6 8 9 11 12 13 14 15 17 19 20 | 20.3
Air Magic      | 5 |  5.0
Armour         | 2 |  2.0
Shields        | 5 6 9 |  9.6
Conjurations   | 3 6 7 9 |  9.0
Transmutations | 1 4 6 8 9 |  9.0
Earth Magic    | 1 4 |  4.0
Ranged Weapons | 5 |  5.2

Action                     |  1- 3 |  4- 6 |  7- 9 | 10-12 | 13-15 | 16-18 | 19-21 | 22-24 | 25-27 || total
---------------------------+-------+-------+-------+-------+-------+-------+-------+-------+-------++-------
  Melee: Short sword       |     8 |       |       |    18 |       |       |       |       |       ||    26
         Dagger            |    21 |    52 |   270 |   571 |   745 |       |       |       |       ||  1659
         Punch             |     1 |     1 |     5 |    10 |     3 |       |       |       |     1 ||    21
         Rapier            |       |       |       |       |   564 |  1341 |  2096 |  1508 |  2171 ||  7680
  Throw: Dart              |       |       |       |       |       |       |     1 |     1 |     2 ||     4
   Cast: Summon Small Mamm |    19 |    22 |    56 |    44 |    32 |     4 |       |       |       ||   177
         Call Imp          |     1 |    10 |    35 |    37 |    31 |     3 |       |       |       ||   117
         Call Canine Famil |       |     2 |    26 |    60 |    65 |    23 |       |       |       ||   176
         Blink             |       |       |     3 |     1 |     3 |     7 |     1 |     2 |     4 ||    21
         Summon Guardian G |       |       |       |    18 |    29 |     2 |       |     1 |       ||    50
         Summon Lightning  |       |       |       |     1 |    70 |    23 |       |       |       ||    94
         Iskenderun's Myst |       |       |       |       |    11 |     4 |     5 |       |       ||    20
         Passwall          |       |       |       |       |     5 |    29 |     4 |     1 |    29 ||    68
         Dazzling Flash    |       |       |       |       |       |    26 |    59 |     3 |       ||    88
         Summon Mana Viper |       |       |       |       |       |     6 |    29 |    42 |     9 ||    86
         Monstrous Menager |       |       |       |       |       |       |    14 |    92 |    57 ||   163
         Summon Forest     |       |       |       |       |       |       |       |    12 |    16 ||    28
         Summon Cactus Gia |       |       |       |       |       |       |       |       |    11 ||    11
         Discord           |       |       |       |       |       |       |       |       |     6 ||     6
         Enfeeble          |       |       |       |       |       |       |       |       |     2 ||     2
 Invoke: Serpent's Lash    |       |       |       |       |     8 |    22 |    25 |    15 |    21 ||    91
         Heavenly Storm    |       |       |       |       |     1 |     1 |     2 |     1 |     2 ||     7
Ability: Whirlwind         |       |       |       |    14 |   375 |   360 |   842 |   344 |   707 ||  2642
         Lunge             |       |       |       |     8 |   127 |   193 |   130 |   144 |   160 ||   762
         Wall Jump         |       |       |       |       |       |       |     6 |     1 |     4 ||    11
  Evoke: Condenser vane    |       |       |       |     1 |     2 |     3 |     4 |     1 |     2 ||    13
         Wand              |       |       |       |       |    11 |    12 |     4 |       |    14 ||    41
         Lightning rod     |       |       |       |       |       |     6 |     8 |     4 |     4 ||    22
    Use: Scroll            |       |     7 |     5 |    11 |    10 |     8 |     9 |    11 |    17 ||    78
         Potion            |       |     1 |       |       |     6 |    10 |     9 |     4 |    23 ||    53
   Stab: Distracted        |     1 |       |     7 |    14 |    27 |    17 |    23 |    50 |    37 ||   176
         Sleeping          |     9 |     3 |     4 |     5 |    50 |   182 |    92 |   130 |    63 ||   538
         Invisible         |       |     1 |       |       |     9 |    31 |    46 |     6 |     7 ||   100
         Betrayed ally     |       |       |       |       |     2 |       |       |       |       ||     2
         Confused          |       |       |       |       |       |     1 |       |     1 |       ||     2
         Paralysed         |       |       |       |       |       |       |       |       |     1 ||     1
 Armour: Robe              |     3 |    12 |    59 |    16 |       |       |       |       |       ||    90
         Troll leather arm |       |       |       |    85 |   110 |   106 |   160 |    83 |   100 ||   644
  Dodge: Dodged            |    15 |    39 |   149 |   461 |   698 |   584 |  1132 |   747 |  1283 ||  5108
  Block: Buckler           |       |       |       |       |   139 |   218 |   600 |   498 |   377 ||  1832
         Reflection        |       |       |       |       |       |       |    19 |    13 |    15 ||    47
         Kite shield       |       |       |       |       |       |       |       |       |   420 ||   420
         Other             |       |       |       |       |       |       |       |       |     5 ||     5
Riposte: Rapier            |       |       |       |       |       |       |       |       |   164 ||   164

Table legend: (Time is in decaauts)
 A = Elapsed time spent in this place.
 B = Non-inter-level travel time spent in this place.
 C = Inter-level travel time spent in this place.
 D = Time resting spent in this place.
 E = Time spent auto-exploring this place.
 F = Levels seen in this place.
 G = Mean time per level.
                   A        B        C        D        E       F      G
               +--------+--------+--------+--------+--------+-----+--------+
         Total |  70805 |  62968 |   7837 |  13689 |  30038 |  53 | 1335.9 |
       Dungeon |  19219 |  16114 |   3105 |   2452 |   9405 |  15 | 1281.3 |
        Temple |     76 |     76 |      0 |      0 |      0 |   1 |   76.0 |
          Lair |   6615 |   6230 |    385 |    765 |   3496 |   5 | 1323.0 |
        Shoals |   5305 |   5180 |    125 |    726 |   2306 |   4 | 1326.2 |
     Snake Pit |   6719 |   6335 |    384 |   2040 |   2599 |   4 | 1679.8 |
  Orcish Mines |   2642 |   2272 |    370 |    411 |    964 |   2 | 1321.0 |
   Elven Halls |   4689 |   4022 |    667 |    917 |   2184 |   3 | 1563.0 |
        Vaults |  11216 |   9686 |   1530 |   2329 |   4625 |   5 | 2243.2 |
        Depths |   7577 |   6562 |   1015 |   1772 |   2921 |   4 | 1894.2 |
           Zot |   3489 |   3235 |    254 |   1034 |    962 |   5 |  697.8 |
        Bazaar |     54 |     54 |      0 |      0 |     19 |   1 |   54.0 |
         Trove |     99 |     99 |      0 |      0 |      0 |   1 |   99.0 |
      Ice Cave |   1209 |   1209 |      0 |    684 |     44 |   1 | 1209.0 |
        Wizlab |   1653 |   1653 |      0 |    559 |    295 |   1 | 1653.0 |
      Gauntlet |    236 |    236 |      0 |      0 |    217 |   1 |  236.0 |
               +--------+--------+--------+--------+--------+-----+--------+

Top non-repeatable levels by time:
Vaults:1: 2944 daAuts
Vaults:3: 2808 daAuts
   Elf:3: 2541 daAuts
 Snake:4: 2363 daAuts
Vaults:4: 2252 daAuts
Depths:3: 2164 daAuts
Depths:2: 2028 daAuts
     D:5: 1940 daAuts
Depths:1: 1927 daAuts
Shoals:4: 1926 daAuts
Vaults:2: 1834 daAuts
 Snake:2: 1806 daAuts
     D:9: 1798 daAuts
    D:15: 1764 daAuts
   Orc:2: 1689 daAuts
